| TOP OF THE 1ST |
|
Tulsa Drillers batting - Pitching for Pensacola Blue Wahoos : RHP Jeremy Whooley
|
|
Pitching: RHP Jeremy Whooley
|
|
|
Batting: RHB Steve Haskins
|
0-0: Called Strike 0-1: Fly out, F8 (Flyball, 8LXD, EV 105.0 MPH)
|
|
Batting: RHB Jesse White
|
0-0: Reached on error, E3 (Groundball, 34, EV 78.1 MPH)
|
|
Batting: LHB Nick McGraw
|
0-0: Swinging Strike 0-1: Ball 1-1: Foul Ball, location: 2F 1-2: Ball 2-2: Foul Ball, location: 2F 2-2: Ball 3-2: Foul Ball, location: 2F 3-2: Fly out, F5 (Popup, 56S, EV 92.5 MPH)
|
|
Batting: RHB Blake Beale
|
0-0: Ball 1-0: Foul Ball, location: 2F 1-1: Fielders Choice at 2nd, 6-4 (Groundball, 6, EV 79.4 MPH)
|
| Top of the 1st over - 0 runs, 0 hits, 1 error, 1 left on base; Tulsa 0 - Pensacola 0 |
| BOTTOM OF THE 1ST |
|
Pensacola Blue Wahoos batting - Pitching for Tulsa Drillers : RHP Eddie Usrey
|
|
Pitching: RHP Eddie Usrey
|
|
|
Batting: RHB Solange Le Coq
|
0-0: Called Strike 0-1: Ball 1-1: Ball 2-1: Ground out U3 (Groundball, 34, EV 82.5 MPH)
|
|
Batting: RHB Tim Wormell
|
0-0: Hit by Pitch
|
|
Batting: LHB Steven Wamble
|
0-0: Ball 1-0: Foul Ball, location: 2F 1-1: Ball 2-1: Called Strike 2-2: Fly out, F9 (Flyball, 8RS, EV 88.8 MPH)
|
|
Batting: RHB Joseph Kirchmann
|
0-0: Ball Tim Wormell is caught stealing 2nd base 2-4
|
| Bottom of the 1st over - 0 runs, 0 hits, 0 errors, 0 left on base; Tulsa 0 - Pensacola 0 |
| TOP OF THE 2ND |
|
Tulsa Drillers batting - Pitching for Pensacola Blue Wahoos : RHP Jeremy Whooley
|
|
Batting: RHB Dave Cordero
|
0-0: Swinging Strike 0-1: Ball 1-1: Ball 2-1: Fly out, F5 (Popup, 5SF, EV 83.8 MPH)
|
|
Batting: LHB David McNair
|
0-0: Foul Ball, location: 2F 0-1: Ball 1-1: Ball 2-1: Foul Ball, location: 2F 2-2: Foul Ball, location: 2F 2-2: Ball 3-2: Base on Balls
|
|
Batting: LHB Miguel Medina
|
0-0: Called Strike 0-1: Swinging Strike 0-2: Ball 1-2: Ball 2-2: Grounds into double play, 6-4-3 (Groundball, 6M, EV 91.2 MPH)
|
| Top of the 2nd over - 0 runs, 0 hits, 0 errors, 0 left on base; Tulsa 0 - Pensacola 0 |
| BOTTOM OF THE 2ND |
|
Pensacola Blue Wahoos batting - Pitching for Tulsa Drillers : RHP Eddie Usrey
|
|
Batting: RHB Joseph Kirchmann
|
0-0: Ball 1-0: Ball 2-0: Ball 3-0: Base on Balls
|
|
Batting: LHB Manny Ruvalcaba
|
0-0: Called Strike 0-1: Ball 1-1: Swinging Strike 1-2: Ball 2-2: Strikes out looking
|
|
Batting: RHB Jon Marquez
|
0-0: Ball 1-0: Called Strike Joseph Kirchmann steals 2nd base 1-1: Ball 2-1: Ball 3-1: Swinging Strike 3-2: Fly out, F8 (Flyball, 8LM, EV 91.9 MPH)
|
|
Batting: SHB Jared Thomas
|
0-0: Ground out 4-3 (Groundball, 4, EV 110.6 MPH)
|
| Bottom of the 2nd over - 0 runs, 0 hits, 0 errors, 1 left on base; Tulsa 0 - Pensacola 0 |
| TOP OF THE 3RD |
|
Tulsa Drillers batting - Pitching for Pensacola Blue Wahoos : RHP Jeremy Whooley
|
|
Batting: RHB Koen van Oort
|
0-0: Ground out 4-3 (Groundball, 4, EV 95.0 MPH)
|
|
Batting: RHB Dave Archibeque
|
0-0: Ball 1-0: Ball 2-0: Ball 3-0: Called Strike 3-1: Ground out 4-3 (Groundball, 4D, EV 108.1 MPH)
|
|
Batting: RHB Steve Haskins
|
0-0: Swinging Strike 0-1: Called Strike 0-2: Ball 1-2: Ball 2-2: SINGLE (Groundball, 4M, EV 103.8 MPH) (infield hit)
|
|
Batting: RHB Jesse White
|
0-0: Called Strike 0-1: Ball 1-1: Called Strike 1-2: Strikes out swinging
|
| Top of the 3rd over - 0 runs, 1 hit, 0 errors, 1 left on base; Tulsa 0 - Pensacola 0 |
| BOTTOM OF THE 3RD |
|
Pensacola Blue Wahoos batting - Pitching for Tulsa Drillers : RHP Eddie Usrey
|
|
Batting: RHB Pedro Pinero
|
0-0: Ball 1-0: Foul Ball, location: 2F 1-1: Foul Ball, location: 2F 1-2: Ball 2-2: Strikes out swinging, 2-3 out at first.
|
|
Batting: RHB Jose Caraballo
|
0-0: Called Strike 0-1: Called Strike 0-2: Strikes out swinging
|
|
Batting: RHB Solange Le Coq
|
0-0: Called Strike 0-1: Foul Ball, location: 2F 0-2: Ball 1-2: Ground out 5-3 (Groundball, 15, EV 84.4 MPH)
|
| Bottom of the 3rd over - 0 runs, 0 hits, 0 errors, 0 left on base; Tulsa 0 - Pensacola 0 |
| TOP OF THE 4TH |
|
Tulsa Drillers batting - Pitching for Pensacola Blue Wahoos : RHP Jeremy Whooley
|
|
Batting: LHB Nick McGraw
|
0-0: Swinging Strike 0-1: Ball 1-1: Ball 2-1: Foul Ball, location: 2F 2-2: Ground out 4-3 (Groundball, 4, EV 109.4 MPH)
|
|
Batting: RHB Blake Beale
|
0-0: Called Strike 0-1: Ball 1-1: Ball 2-1: Fly out, F3 (Popup, 3L, EV 75.0 MPH)
|
|
Batting: RHB Dave Cordero
|
0-0: SINGLE (Line Drive, 78S, EV 109.4 MPH)
|
|
Batting: LHB David McNair
|
0-0: Ball 1-0: Fielders Choice at 2nd, 5-4 (Groundball, 5, EV 80.6 MPH)
|
| Top of the 4th over - 0 runs, 1 hit, 0 errors, 1 left on base; Tulsa 0 - Pensacola 0 |
| BOTTOM OF THE 4TH |
|
Pensacola Blue Wahoos batting - Pitching for Tulsa Drillers : RHP Eddie Usrey
|
|
Batting: RHB Tim Wormell
|
0-0: Ground out 5-3 (Groundball, 56S, EV 90.6 MPH)
|
|
Batting: LHB Steven Wamble
|
0-0: Ball 1-0: Fly out, F4 (Popup, 34, EV 56.2 MPH)
|
|
Batting: RHB Joseph Kirchmann
|
0-0: Ball 1-0: Ball 2-0: Ball 3-0: Called Strike 3-1: Fly out, F8 (Flyball, 8LXD, EV 90.6 MPH)
|
| Bottom of the 4th over - 0 runs, 0 hits, 0 errors, 0 left on base; Tulsa 0 - Pensacola 0 |
| TOP OF THE 5TH |
|
Tulsa Drillers batting - Pitching for Pensacola Blue Wahoos : RHP Jeremy Whooley
|
|
Batting: LHB Miguel Medina
|
0-0: Called Strike 0-1: Foul Ball, location: 2F 0-2: Ground out 4-3 (Groundball, 4, EV 101.9 MPH)
|
|
Batting: RHB Koen van Oort
|
0-0: Foul Ball, location: 2F 0-1: Ball 1-1: Fly out, F8 (Flyball, 89M, EV 90.0 MPH)
|
|
Batting: RHB Dave Archibeque
|
0-0: Ball 1-0: Called Strike 1-1: Foul Ball, location: 2F 1-2: Ball 2-2: Foul Ball, location: 2F 2-2: Ball 3-2: SINGLE (Flyball, 4D, EV 87.5 MPH)
|
|
Batting: RHB Steve Haskins
|
0-0: Called Strike 0-1: Foul Ball, location: 2F 0-2: SINGLE (Line Drive, 4M, EV 95.0 MPH) Dave Archibeque to second
|
|
Batting: RHB Jesse White
|
0-0: Ball 1-0: Foul Ball, location: 2F 1-1: Foul Ball, location: 2F 1-2: Foul Ball, location: 2F 1-2: Strikes out swinging
|
| Top of the 5th over - 0 runs, 2 hits, 0 errors, 2 left on base; Tulsa 0 - Pensacola 0 |
| BOTTOM OF THE 5TH |
|
Pensacola Blue Wahoos batting - Pitching for Tulsa Drillers : RHP Eddie Usrey
|
|
Batting: LHB Manny Ruvalcaba
|
0-0: Ball 1-0: Ground out U3 (Groundball, 34, EV 88.8 MPH)
|
|
Batting: RHB Jon Marquez
|
0-0: Ball 1-0: Ball 2-0: Ball 3-0: Base on Balls
|
|
Batting: SHB Jared Thomas
|
0-0: Called Strike Jon Marquez steals 2nd base 0-1: Ball 1-1: Ball 2-1: SINGLE (Groundball, 15S, EV 68.1 MPH) (infield hit) Jon Marquez to third
|
|
Batting: RHB Pedro Pinero
|
0-0: Ball 1-0: Ball 2-0: Called Strike 2-1: Foul Ball, location: 2F 2-2: Foul Ball, location: 2F 2-2: Strikes out looking
|
|
Batting: RHB Jose Caraballo
|
0-0: Foul Ball, location: 2F 0-1: Ball 1-1: Ball 2-1: Foul Ball, location: 2F 2-2: Strikes out swinging
|
| Bottom of the 5th over - 0 runs, 1 hit, 0 errors, 2 left on base; Tulsa 0 - Pensacola 0 |
| TOP OF THE 6TH |
|
Tulsa Drillers batting - Pitching for Pensacola Blue Wahoos : RHP Jeremy Whooley
|
|
Batting: LHB Nick McGraw
|
0-0: Ball 1-0: Ball 2-0: Called Strike 2-1: Ball 3-1: Base on Balls
|
|
Pitching: LHP Mario Arango
|
|
|
Batting: RHB Blake Beale
|
0-0: Ball 1-0: Ball 2-0: Ball 3-0: Base on Balls Nick McGraw to second
|
|
Pinch Runner at 2nd Billy Valadez:
|
|
|
Batting: RHB Dave Cordero
|
0-0: Ball 1-0: Fly out, F5 (Line Drive, 5, EV 68.1 MPH)
|
|
Batting: LHB David McNair
|
0-0: Ball 1-0: Ball 2-0: Ball 3-0: Called Strike 3-1: Base on Balls Billy Valadez to third Blake Beale to second
|
|
Batting: LHB Miguel Medina
|
0-0: Ball 1-0: Swinging Strike 1-1: Swinging Strike 1-2: Strikes out swinging
|
|
Batting: RHB Koen van Oort
|
0-0: Ball 1-0: Ball 2-0: Foul Ball, location: 2F 2-1: Foul Ball, location: 2F 2-2: Foul Ball, location: 2F 2-2: Foul Ball, location: 2F 2-2: Fielders Choice at 2nd, 6-4 (Groundball, 6, EV 80.6 MPH)
|
| Top of the 6th over - 0 runs, 0 hits, 0 errors, 3 left on base; Tulsa 0 - Pensacola 0 |
| BOTTOM OF THE 6TH |
|
Pensacola Blue Wahoos batting - Pitching for Tulsa Drillers : RHP Eddie Usrey
|
|
Batting: RHB Solange Le Coq
|
0-0: Ball 1-0: Ball 2-0: Called Strike 2-1: SINGLE (Flyball, 8LS, EV 91.9 MPH)
|
|
Batting: RHB Tim Wormell
|
0-0: Ball Solange Le Coq is caught stealing 2nd base 2-4 1-0: Foul Ball, location: 2F 1-1: Called Strike 1-2: Foul Ball, location: 2F 1-2: Foul Ball, location: 2F 1-2: Ball 2-2: Ground out 4-3 (Groundball, 4, EV 103.8 MPH)
|
|
Batting: LHB Steven Wamble
|
0-0: Ball 1-0: Foul Ball, location: 2F 1-1: SINGLE (Groundball, P, EV 91.2 MPH) (infield hit)
|
|
Pitching: RHP Jason Englert
|
|
|
Pinch Runner at 1st Chris Holland:
|
|
|
Batting: RHB Joseph Kirchmann
|
0-0: Foul Ball, location: 2F 0-1: Called Strike 0-2: Foul Ball, location: 2F 0-2: Ball 1-2: Strikes out looking
|
| Bottom of the 6th over - 0 runs, 2 hits, 0 errors, 1 left on base; Tulsa 0 - Pensacola 0 |
| TOP OF THE 7TH |
|
Tulsa Drillers batting - Pitching for Pensacola Blue Wahoos : LHP Mario Arango
|
|
Now at 1B: Danny Powell
|
|
|
Batting: RHB Dave Archibeque
|
0-0: Ball 1-0: Ball 2-0: Ball 3-0: Called Strike 3-1: Called Strike 3-2: Ground out 1-3 (Groundball, 13, EV 73.8 MPH)
|
|
Batting: RHB Steve Haskins
|
0-0: Called Strike 0-1: Ball 1-1: Ground out 4-3 (Groundball, 34, EV 86.9 MPH)
|
|
Batting: RHB Jesse White
|
0-0: Called Strike 0-1: Ball 1-1: SOLO HOME RUN (Flyball, 7D, EV 103.1 MPH), Distance : 403 ft
|
|
Batting: RHB Billy Valadez
|
0-0: Ground out 4-3 (Groundball, 4, EV 95.6 MPH)
|
| Top of the 7th over - 1 run, 1 hit, 0 errors, 0 left on base; Tulsa 1 - Pensacola 0 |
| BOTTOM OF THE 7TH |
|
Pensacola Blue Wahoos batting - Pitching for Tulsa Drillers : RHP Jason Englert
|
|
Batting: LHB Manny Ruvalcaba
|
0-0: Ball 1-0: SINGLE (Groundball, 34D, EV 108.8 MPH)
|
|
Batting: RHB Jon Marquez
|
0-0: Ball 1-0: Foul Ball, location: 2F 1-1: SINGLE (Groundball, 5S, EV 67.5 MPH) (infield hit) Manny Ruvalcaba to second
|
|
Pinch Runner at 2nd James Himes:
|
|
|
Batting: SHB Jared Thomas
|
0-0: Sac Bunt to 13 - play at first, batter OUT! 1-4 James Himes to third Jon Marquez to second
|
|
Batting: RHB Pedro Pinero
|
0-0: Foul Ball, location: 2F 0-1: Swinging Strike 0-2: Ball 1-2: Strikes out swinging
|
|
Batting: RHB Jose Caraballo
|
0-0: Called Strike 0-1: Ball 1-1: Called Strike 1-2: Strikes out swinging
|
| Bottom of the 7th over - 0 runs, 2 hits, 0 errors, 2 left on base; Tulsa 1 - Pensacola 0 |
| TOP OF THE 8TH |
|
Tulsa Drillers batting - Pitching for Pensacola Blue Wahoos : LHP Mario Arango
|
|
Pitching: RHP Chris Stewart
|
|
|
Batting: RHB Blake Beale
|
0-0: Called Strike 0-1: SOLO HOME RUN (Flyball, 9D, EV 94.4 MPH), Distance : 360 ft
|
|
Batting: RHB Dave Cordero
|
0-0: Called Strike 0-1: Ball 1-1: Fly out, F4 (Popup, 34D, EV 45.6 MPH)
|
|
Batting: LHB David McNair
|
0-0: Ball 1-0: Ball 2-0: Ball 3-0: Called Strike 3-1: Swinging Strike 3-2: Foul Ball, location: 2F 3-2: Base on Balls
|
|
Batting: LHB Miguel Medina
|
0-0: Called Strike 0-1: Ball 1-1: Ball 2-1: Foul Ball, location: 2F 2-2: Ball 3-2: Grounds into double play, 4-6-3 (Groundball, 4S, EV 77.5 MPH)
|
| Top of the 8th over - 1 run, 1 hit, 0 errors, 0 left on base; Tulsa 2 - Pensacola 0 |
| BOTTOM OF THE 8TH |
|
Pensacola Blue Wahoos batting - Pitching for Tulsa Drillers : RHP Jason Englert
|
|
Pitching: RHP Jon Harris
|
|
|
Batting: RHB Solange Le Coq
|
0-0: Ball 1-0: Ball 2-0: Ball 3-0: Base on Balls
|
|
Batting: RHB Tim Wormell
|
0-0: Ball 1-0: Called Strike 1-1: Ball 2-1: Fly out, F7 (Flyball, 7LM, EV 87.5 MPH)
|
|
Batting: RHB Danny Powell
|
0-0: Ball 1-0: Called Strike 1-1: Called Strike 1-2: Foul Ball, location: 2F 1-2: Ball 2-2: Fly out, F4 (Flyball, 4D, EV 88.8 MPH)
|
|
Batting: RHB Joseph Kirchmann
|
0-0: Ball 1-0: Called Strike 1-1: Ball 2-1: Foul Ball, location: 2F 2-2: Ball 3-2: Base on Balls Solange Le Coq to second
|
|
Batting: RHB Tony Diaz
|
0-0: Fly out, F8 (Flyball, 89M, EV 88.1 MPH)
|
| Bottom of the 8th over - 0 runs, 0 hits, 0 errors, 2 left on base; Tulsa 2 - Pensacola 0 |
| TOP OF THE 9TH |
|
Tulsa Drillers batting - Pitching for Pensacola Blue Wahoos : RHP Chris Stewart
|
|
Pitching: LHP Brian Whittall
|
|
|
Batting: RHB Koen van Oort
|
0-0: Ball 1-0: Ground out 6-3 (Groundball, 6MD, EV 80.0 MPH)
|
|
Batting: RHB Dave Archibeque
|
0-0: Called Strike 0-1: Called Strike 0-2: Strikes out swinging
|
|
Batting: RHB Steve Haskins
|
0-0: Called Strike 0-1: Ball 1-1: Ball 2-1: Foul Ball, location: 2F 2-2: Ball 3-2: Foul Ball, location: 2F 3-2: Foul Ball, location: 2F 3-2: Base on Balls
|
|
Batting: RHB Jesse White
|
0-0: Called Strike Steve Haskins steals 2nd base 0-1: Ball 1-1: SINGLE (Groundball, 4D, EV 108.1 MPH) Steve Haskins to third Runner from 3rd tries for Home, SAFE, throw by RF to home
|
|
Batting: RHB Billy Valadez
|
0-0: Ball 1-0: Ball 2-0: Fly out, F8 (Flyball, 8LS, EV 86.9 MPH)
|
| Top of the 9th over - 1 run, 1 hit, 0 errors, 1 left on base; Tulsa 3 - Pensacola 0 |
| BOTTOM OF THE 9TH |
|
Pensacola Blue Wahoos batting - Pitching for Tulsa Drillers : RHP Jon Harris
|
|
Pitching: RHP Michael Walsh
|
|
|
Batting: RHB Jon Marquez
|
0-0: Called Strike 0-1: Ball 1-1: Foul Ball, location: 2F 1-2: Ball 2-2: Ball 3-2: Ground out 4-3 (Groundball, 4, EV 83.8 MPH)
|
|
Batting: SHB Jared Thomas
|
0-0: Ball 1-0: Ground out 6-3 (Groundball, 6, EV 87.5 MPH)
|
|
Batting: RHB Pedro Pinero
|
0-0: Called Strike 0-1: Swinging Strike 0-2: Foul Ball, location: 2F 0-2: Ball 1-2: Strikes out swinging, 2-3 out at first.
|
| Bottom of the 9th over - 0 runs, 0 hits, 0 errors, 0 left on base; Tulsa 3 - Pensacola 0 |
|